 Dungeon Crawl Stone Soup version 0.30.1-11-g7821555f0a (webtiles) character file.

Game seed: 11946328352758755038

342 Zeor the Magician (level 6, 0/67 HPs)
             Began as a Djinni Warper on Nov 16, 2023.
             Slain by Menkaure (13 damage)
             ... on level 4 of the Dungeon on Nov 21, 2023.
             The game lasted 00:17:38 (3286 turns).

Zeor the Magician (Djinni Warper)                   Turns: 3286, Time: 00:17:39

Health: 0/67       AC:  4    Str: 16    XL:     6   Next: 88%
Gold:   196        EV: 12    Int: 16    God:
                   SH:  0    Dex: 13

rFire   + + .        a - +0 falchion
rCold   x . .        (no shield)
rNeg    . . .        b - +1 leather armour
rPois   ∞            (no helmet)
rElec   .            (no cloak)
rCorr   .            (no gloves)
SInv    .            (boots unavailable)
Will    .....        r - amulet of regeneration Stlth
                     j - +6 ring of strength
HPRegen 1.11/turn    (no ring)
MPRegen 0.00/turn

%: infuse magic (-1 HP)
@: berserking, flying, very quick
A: sickness immunity, fire resistance 2, cold vulnerability 1, float, innate
caster, HP casting, extra vitality 1
a: no special abilities


You were on level 4 of the Dungeon.
You visited 1 branch of the dungeon, and saw 4 of its levels.

You collected 196 gold pieces.

Inventory:

Hand Weapons
 a - a +0 falchion (weapon)
 g - a +2 dagger of venom
Missiles
 d - 7 boomerangs of dispersal (quivered)
 l - 8 poisoned darts
Armour
 b - a +1 leather armour (worn)
Jewellery
 j - a +6 ring of strength (left hand)
 r - an amulet of regeneration (around neck)
Wands
 q - a wand of flame (17)
Scrolls
 c - 2 scrolls of blinking
 e - 2 scrolls of teleportation
 s - a scroll of poison
Potions
 f - 2 potions of curing
 h - a potion of mutation
 i - 2 potions of haste
 k - a potion of cancellation
 n - a potion of invisibility
 o - a potion of lignification
 p - a potion of magic {unknown}


   Skills:
 + Level 2.5 Fighting
 - Level 0.8(2.1) Short Blades
 * Level 3.1 Long Blades
 + Level 1.0 Throwing
 * Level 3.3 Armour
 + Level 2.7 Dodging
 + Level 0.4 Stealth
 * Level 3.7 Spellcasting


You knew the following spells:

 Your Spells              Type           Power      Damage    Failure   Level
b - Blink                 Tloc           30%        N/A       7%          2
c - Vhi's Electric Charg  Tloc/Air       30%        N/A       13%         3
f - Freeze                Ice            60%        1d7       4%          1
l - Lesser Beckoning      Tloc           30%        N/A       7%          2
m - Manifold Assault      Tloc           15%        N/A       41%         4
o - Teleport Other        Tloc           15%        N/A       13%         3
v - Poisonous Vapours     Pois/Air       30%        N/A       7%          2
Your spell library was empty.

Dungeon Overview and Level Annotations

Branches:
Dungeon (4/15)
 Temple: D:4-7

Altars:
Yredelemnul

Shops:
D:1 !   D:4 =

Annotations:
D:2 1 runed translucent door, Crazy Yiuf
D:4 Edmund, Grinder, Menkaure


Innate Abilities, Weirdness & Mutations

You are immune to sickness and miasma.
You are immune to poison.
Your flesh is very heat resistant. (rF++)
You are vulnerable to cold. (rC-)
You float through the air rather than walking.
You learn spells naturally, not from books.
Your magical power is your life essence.
You have superior vitality. (+4 MHP)


Message History

Confirm with . or Enter, or press ? or * to list all spells.
Aiming: Poisonous Vapours (safe; 7% risk of failure)
Press: ? - help, Dir - move target, f/p - ogre
Aim: an ogre, wielding a +0 giant club (heavily wounded) Poisonous vapours surround the ogre!
The ogre is poisoned.
Casting: Poisonous Vapours (safe; 7% risk of failure)
Confirm with . or Enter, or press ? or * to list all spells.
You blink.
Casting: Blink (safe; 7% risk of failure)
Confirm with . or Enter, or press ? or * to list all spells.
Aiming: Poisonous Vapours (safe; 7% risk of failure)
Press: ? - help, Dir - move target, f/p - ogre
Aim: an ogre, wielding a +0 giant club (translocational energy, heavily wounded, poisoned) Poisonous vapours surround the ogre!
The ogre looks even sicker.
Menkaure casts a spell.
Menkaure seems to speed up.
Casting: Poisonous Vapours (safe; 7% risk of failure)
Confirm with . or Enter, or press ? or * to list all spells.
Charge where?
Press: ? - help, Dir - move target, f - Menkaure, p - ogre
Aim: Menkaure (lightly damaged, fast, 93% to hit)
You charge forward with an electric crackle!
You hit Menkaure but do no damage.
Menkaure is lightly damaged.
Menkaure barely misses you.
You hit Menkaure.
Menkaure is moderately damaged.
Menkaure hits you! Menkaure casts a spell at you.
Pain shoots through your body!
You feel better.
Menkaure calls on the powers of darkness!
Your body is wracked with pain!
The ogre convulses!
You feel better.
You feel stable enough to blink again. Menkaure hits you!
The ogre hits you with a +0 giant club!
* * * LOW HITPOINT WARNING * * *
A red film seems to cover your vision as you go berserk!
You feel yourself moving faster!
You feel mighty! Menkaure hits you!
You die... ∙J∙∙∙∙∙∙∙

∙∙▒ ▒▒∙▒▒▒∙▒
▒∙▒∙▒ ▒<5∙∙▒
▒∙▒ ▒8∙8▒▒∙▒
▒∙▒∙▒ ▒@▒∙∙▒
▒∙▒ ▒▒∙▒▒▒∙▒
▒∙▒∙▒ ▒∙∙ ∙∙∙▒
▒∙▒
▒▒∙▒▒▒∙▒▒▒∙▒∙▒
▒∙∙∙ ∙▒▒ ▒O▒
▒8∙8▒▒†▒∙∙∙▒∙▒
▒∙∙∙∙ ▒ ▒∙▒
▒▒∙▒▒▒∙▒∙▒▒▒∙▒


∙∙∙∙∙∙ ▒∙▒ ▒'▒▒▒∙▒∙▒ ▒∙▒ ▒▒▒∙▒∙∙ ▒∙▒▒▒▒▒▒∙∙∙▒∙▒∙▒ ▒∙▒ ∙∙∙∙∙ ▒∙ORM∙∙∙∙∙∙▒∙▒∙▒ ▒∙▒
▒▒▒▒▒▒∙∙∙∙∙▒∙▒∙▒ ▒∙▒ ▒∙▒▒▒▒▒∙▒∙▒ ▒∙▒ ▒∙▒ ▒<▒∙▒ ▒∙▒ ▒∙▒▒▒▒▒▒▒∙▒ ▒∙▒
▒∙∙∙∙∙∙∙▒∙▒▒▒∙▒ ▒▒▒▒▒▒▒∙▒∙▒▒∙∙▒ ▒∙▒∙∙∙∩∙▒ ▒∙▒▒▒▒▒▒▒ You could see an ogre
(poisoned) and Menkaure (fast).

Vanquished Creatures
  An orc priest (D:3)
  An iguana (D:3)
  2 orc wizards (D:3)
  Natasha (thrice) (D:2)
  6 adders
  A gnoll (D:1)
  2 worms (D:2)
  A dart slug (D:2)
  2 orcs (D:3)
  3 bats
  5 endoplasms
  4 giant cockroaches
  10 goblins
  7 hobgoblins
  10 jackals
  5 quokkas
  9 ball pythons
  2 frilled lizards
  8 kobolds
  6 rats
88 creatures vanquished.

Notes
Turn   | Place    | Note
-------+----------+-------------------------------------------
     0 | D:1      | Zeor the Djinni Warper began the quest for the Orb.
     0 | D:1      | Zeor set off with the following spells memorised: Blink,
                  | Lesser Beckoning, Vhi's Electric Charge, Teleport Other,
                  | Manifold Assault.
     0 | D:1      | Reached XP level 1. HP: 18/18 MP: 0/0
    42 | D:1      | Reached XP level 2. HP: 8/23 MP: 0/0
   125 | D:1      | Found Gyneliep's Distillery.
   132 | D:1      | Reached skill level 1 in Throwing
   331 | D:1      | Reached XP level 3. HP: 5/28 MP: 0/0
   331 | D:1      | Learned a level 1 spell: Freeze
  1054 | D:2      | Noticed Natasha
  1062 | D:2      | Killed Natasha
  1063 | D:2      | Reached XP level 4. HP: 7/33 MP: 0/0
  1222 | D:2      | Found a faded altar of an unknown god.
  1461 | D:2      | Reached XP level 5. HP: 26/38 MP: 0/0
  1461 | D:2      | Learned a level 2 spell: Poisonous Vapours
  1589 | D:2      | Noticed Natasha
  1600 | D:2      | Killed Natasha
  1770 | D:2      | Found a basalt altar of Yredelemnul.
  2069 | D:2      | Found a runed translucent door.
  2070 | D:2      | Noticed Crazy Yiuf
  2087 | D:2      | You are sucked into a shaft and drop 1 floor!
  2375 | D:3      | Reached XP level 6. HP: 44/44 MP: 0/0
  2443 | D:2      | Noticed Natasha
  2454 | D:2      | Killed Natasha
  3038 | D:4      | Noticed Grinder
  3038 | D:4      | Noticed Edmund
  3147 | D:4      | Found Werch's Jewellery Shoppe.
  3227 | D:4      | Noticed Menkaure
  3276 | D:4      | Noticed an ogre
  3286 | D:4      | Slain by Menkaure

Illustrated notes

Levels and vault maps discovered:
D:1:      scummos_arrival_forest, layout_loops_ring, serial_shops,
          nicolae_shop_advertising_works [nicolae_subvault_shop_adworks]
D:2:      layout_rooms, shapermc_ecumenical_altar_gd, basic_altar, minivault_11,
          minmay_divided_ellipse, uniq_crazy_yiuf_cottage, uniq_natasha
D:3:      layout_loops_ring
D:4:      layout_basic, mainiacjoe_overflow_alcove_1,
          minmay_temple_entry_antechambers, serial_shops,
          nicolae_shop_waterfront, shop, nicolae_shop_back_alley_shop,
          nicolae_shop_tiny_glass, dk_noncrumbling_2, kennysheep_orc_chapel,
          uniq_ijyb, uniq_grinder, uniq_edmund, uniq_menkaure, uniq_eustachio

Skill      XL: |  1  2  3  4  5  6 |
---------------+-------------------+-----
Throwing       | 1 |  1.0
Long Blades    | 2 3 |  3.1
Armour         | 2 3 |  3.3
Spellcasting   | 3 |  3.7
Fighting       | |  2.5
Short Blades   | |  0.8
Dodging        | |  2.7
Stealth        | |  0.4

Action                     |  1- 3 |  4- 6 || total
---------------------------+-------+-------++-------
  Melee: Falchion          |    21 |     4 ||    25
         Dagger            |    43 |   189 ||   232
         Punch             |     2 |     2 ||     4
   Cast: Vhi's Electric Ch |     3 |    12 ||    15
         Blink             |     1 |     7 ||     8
         Freeze            |       |     2 ||     2
         Poisonous Vapours |       |     6 ||     6
         Teleport Other    |       |     6 ||     6
    Use: Potion            |     1 |     3 ||     4
         Scroll            |       |    15 ||    15
   Stab: Sleeping          |     2 |       ||     2
 Armour: Leather armour    |    10 |    39 ||    49
  Dodge: Dodged            |    38 |    97 ||   135
